PR
REDWOOD RHINOS @ FORT KNOX CENTENNIAL
08/30/2042
 
TOP OF THE 1ST
Redwood Rhinos batting - Pitching for Fort Knox Centennial : RHP Miguel López
Pitching: RHP Miguel López
Batting: RHB Roy MacDonald 0-0: Ball
1-0: Ball
2-0: Bunt for hit to 2L - play at first, batter safe!
Batting: RHB Derek Leyva 0-0: Ball
1-0: Ball
2-0: Ball
3-0: Called Strike
3-1: Foul Ball, location: 2F
3-2: Fielders Choice at 2nd, 4-6 (Groundball, 34, EV 83.8 MPH)
Batting: SHB Ralph Ludwig 0-0: Fly out, F7 (Flyball, 78M, EV 79.4 MPH)
Batting: LHB Stan Daniels 0-0: SINGLE (Groundball, 4D, EV 107.5 MPH)
Derek Leyva to second
Runner from 2nd tries for 3rd, SAFE, throw by RF made to third
Batting: RHB Scott Fletcher 0-0: Ball
1-0: Called Strike
1-1: Ground out 4-3 (Groundball, 4, EV 87.5 MPH)
Top of the 1st over - 0 runs, 2 hits, 0 errors, 2 left on base; Redwood 0 - Fort Knox 0
BOTTOM OF THE 1ST
Fort Knox Centennial batting - Pitching for Redwood Rhinos : LHP Nicholas Sullivan
Pitching: LHP Nicholas Sullivan
Batting: RHB Jon Lake 0-0: Ground out 5-3 (Groundball, 5, EV 86.9 MPH)
Batting: RHB Ángel Torrez 0-0: Called Strike
0-1: Fly out, F7 (Flyball, 7, EV 85.0 MPH)
Batting: RHB Dave Watson 0-0: Ball
1-0: Swinging Strike
1-1: Foul Ball, location: 2F
1-2: Foul Ball, location: 2F
1-2: Ball
2-2: Fly out, F8 (Flyball, 8RD, EV 104.4 MPH)
Bottom of the 1st over - 0 runs, 0 hits, 0 errors, 0 left on base; Redwood 0 - Fort Knox 0
TOP OF THE 2ND
Redwood Rhinos batting - Pitching for Fort Knox Centennial : RHP Miguel López
Batting: LHB Forrest Reed 0-0: Bunt for hit to P - play at first, batter OUT! 1-3
Batting: RHB Guonçalle Sprengel 0-0: Called Strike
0-1: Ball
1-1: Foul Ball, location: 2F
1-2: Strikes out swinging
Batting: RHB José Medina 0-0: Foul Ball, location: 2F
0-1: Ball
1-1: SINGLE (Line Drive, 4M, EV 98.1 MPH)
Batting: RHB Joseph Moore 0-0: Ball
1-0: Ground out 4-3 (Groundball, 4, EV 85.0 MPH)
Top of the 2nd over - 0 runs, 1 hit, 0 errors, 1 left on base; Redwood 0 - Fort Knox 0
BOTTOM OF THE 2ND
Fort Knox Centennial batting - Pitching for Redwood Rhinos : LHP Nicholas Sullivan
Batting: LHB Chin-seok Chong 0-0: Ball
1-0: Ball
2-0: DOUBLE (Line Drive, 9LD, EV 108.8 MPH)
Batting: LHB Don Barnes 0-0: Ball
1-0: Ball
2-0: Foul Ball, location: 2F
2-1: Swinging Strike
2-2: Foul Ball, location: 2F
2-2: Ball
3-2: Strikes out swinging
Batting: RHB Lloyd Griffin 0-0: SINGLE (Groundball, 4MD, EV 97.5 MPH)
Chin-seok Chong to third
Batting: RHB Ricardo Garza 0-0: Called Strike
0-1: Foul Ball, location: 2F
0-2: Ball
1-2: Foul Ball, location: 2F
1-2: Fielders Choice at 2nd, 6-4 (Groundball, 6, EV 88.8 MPH)
Chin-seok Chong scores
Batting: RHB Reynaldo Parriego 0-0: Called Strike
Pickoff Throw to First - Out! 1-3
Bottom of the 2nd over - 1 run, 2 hits, 0 errors, 0 left on base; Redwood 0 - Fort Knox 1
TOP OF THE 3RD
Redwood Rhinos batting - Pitching for Fort Knox Centennial : RHP Miguel López
Batting: RHB Roy MacDonald 0-0: Foul Ball, location: 2F
0-1: Ball
1-1: Called Strike
1-2: Ball
2-2: Ground out 4-3 (Groundball, 34, EV 97.5 MPH)
Batting: RHB Derek Leyva 0-0: Called Strike
0-1: Foul Ball, location: 2F
0-2: Foul Ball, location: 2F
0-2: DOUBLE (Line Drive, 89D, EV 103.8 MPH)
Batting: SHB Ralph Ludwig 0-0: Ball
1-0: Foul Ball, location: 2F
1-1: Foul Ball, location: 2F
1-2: Ball
2-2: Ball
3-2: Foul Ball, location: 2F
3-2: Fly out, F5 (Popup, 5F, EV 58.1 MPH)
Batting: LHB Stan Daniels 0-0: Ground out 4-3 (Groundball, 4, EV 88.1 MPH)
Top of the 3rd over - 0 runs, 1 hit, 0 errors, 1 left on base; Redwood 0 - Fort Knox 1
BOTTOM OF THE 3RD
Fort Knox Centennial batting - Pitching for Redwood Rhinos : LHP Nicholas Sullivan
Batting: RHB Reynaldo Parriego 0-0: Called Strike
0-1: Called Strike
0-2: Ball
1-2: Ground out 4-3 (Groundball, 4, EV 101.9 MPH)
Batting: RHB Curt McDaniel 0-0: Called Strike
0-1: SINGLE (Flyball, 7S, EV 96.9 MPH)
Batting: RHB Jon Lake 0-0: Foul Ball, location: 2F
0-1: Swinging Strike
0-2: Foul Ball, location: 2F
0-2: Strikes out swinging
Batting: RHB Ángel Torrez 0-0: Called Strike
0-1: Ball
1-1: Foul Ball, location: 2F
1-2: Ball
2-2: Fly out, F8 (Flyball, 8RD, EV 96.9 MPH)
Bottom of the 3rd over - 0 runs, 1 hit, 0 errors, 1 left on base; Redwood 0 - Fort Knox 1
TOP OF THE 4TH
Redwood Rhinos batting - Pitching for Fort Knox Centennial : RHP Miguel López
Batting: RHB Scott Fletcher 0-0: Swinging Strike
0-1: Swinging Strike
0-2: Ball
1-2: Foul Ball, location: 2F
1-2: Ball
2-2: Strikes out swinging
Batting: LHB Forrest Reed 0-0: Ball
1-0: Ball
2-0: Ground out 6-3 (Groundball, 6, EV 110.0 MPH)
Batting: RHB Guonçalle Sprengel 0-0: Called Strike
0-1: SINGLE (Groundball, 56D, EV 96.9 MPH)
Batting: RHB José Medina 0-0: Ball
1-0: Called Strike
1-1: Called Strike
1-2: Ball
2-2: Strikes out looking
Top of the 4th over - 0 runs, 1 hit, 0 errors, 1 left on base; Redwood 0 - Fort Knox 1
BOTTOM OF THE 4TH
Fort Knox Centennial batting - Pitching for Redwood Rhinos : LHP Nicholas Sullivan
Batting: RHB Dave Watson 0-0: Ball
1-0: Ground out 6-3 (Groundball, 6, EV 85.0 MPH)
Batting: LHB Chin-seok Chong 0-0: Foul Ball, location: 2F
0-1: Ball
1-1: Fly out, F9 (Line Drive, 9S, EV 100.6 MPH)
Batting: LHB Don Barnes 0-0: Foul Ball, location: 2F
0-1: Ball
1-1: Ball
2-1: Swinging Strike
2-2: Ball
3-2: Ground out 4-3 (Groundball, 4, EV 105.0 MPH)
Bottom of the 4th over - 0 runs, 0 hits, 0 errors, 0 left on base; Redwood 0 - Fort Knox 1
TOP OF THE 5TH
Redwood Rhinos batting - Pitching for Fort Knox Centennial : RHP Miguel López
Batting: RHB Joseph Moore 0-0: Foul Ball, location: 2F
0-1: Ground out 5-3 (Groundball, 5, EV 111.9 MPH)
Batting: RHB Roy MacDonald 0-0: Ball
1-0: Called Strike
1-1: Ball
2-1: Foul Ball, location: 2F
2-2: Ball
3-2: Strikes out swinging
Batting: RHB Derek Leyva 0-0: Called Strike
0-1: Ball
1-1: Ball
2-1: Reached on error, E6 (Groundball, 6, EV 91.2 MPH)
Batting: SHB Ralph Ludwig 0-0: Swinging Strike
0-1: Fielders Choice at 2nd, 5-4 (Groundball, 5, EV 82.5 MPH)
Top of the 5th over - 0 runs, 0 hits, 1 error, 1 left on base; Redwood 0 - Fort Knox 1
BOTTOM OF THE 5TH
Fort Knox Centennial batting - Pitching for Redwood Rhinos : LHP Nicholas Sullivan
Batting: RHB Lloyd Griffin 0-0: Ball
1-0: Foul Ball, location: 2F
1-1: Called Strike
1-2: Foul Ball, location: 2F
1-2: Ball
2-2: Foul Ball, location: 2F
2-2: Ball
3-2: Ground out 4-3 (Groundball, 4, EV 88.1 MPH)
Batting: RHB Ricardo Garza 0-0: Ball
1-0: Foul Ball, location: 2F
1-1: Ball
2-1: Ball
3-1: Base on Balls
Batting: RHB Reynaldo Parriego 0-0: Ball
1-0: Swinging Strike
1-1: Swinging Strike
1-2: Ball
2-2: Strikes out swinging
Batting: RHB Curt McDaniel 0-0: SINGLE (Line Drive, 8RS, EV 91.2 MPH)
Ricardo Garza to second
Batting: RHB Jon Lake 0-0: Swinging Strike
0-1: SINGLE (Line Drive, 34, EV 94.4 MPH)
Ricardo Garza to third
Curt McDaniel to second
Runner from 3rd tries for Home, SAFE, throw by RF to home
Batting: RHB Ángel Torrez 0-0: Called Strike
0-1: Foul Ball, location: 2F
0-2: Ball
1-2: Fly out, F8 (Flyball, 8LD, EV 97.5 MPH)
Bottom of the 5th over - 1 run, 2 hits, 0 errors, 2 left on base; Redwood 0 - Fort Knox 2
TOP OF THE 6TH
Redwood Rhinos batting - Pitching for Fort Knox Centennial : RHP Miguel López
Batting: LHB Stan Daniels 0-0: Swinging Strike
0-1: Swinging Strike
0-2: Ball
1-2: Strikes out looking
Batting: RHB Scott Fletcher 0-0: Ball
1-0: Ground out 5-3 (Groundball, 56D, EV 78.8 MPH)
Batting: LHB Forrest Reed 0-0: Ball
1-0: Ball
2-0: DOUBLE (Groundball, 3D, EV 101.2 MPH)
Batting: RHB Guonçalle Sprengel 0-0: Ball
1-0: Called Strike
1-1: Ball
2-1: Foul Ball, location: 2F
2-2: Ball
3-2: Foul Ball, location: 2F
3-2: Ground out 6-3 (Groundball, 6, EV 115.0 MPH)
Top of the 6th over - 0 runs, 1 hit, 0 errors, 1 left on base; Redwood 0 - Fort Knox 2
BOTTOM OF THE 6TH
Fort Knox Centennial batting - Pitching for Redwood Rhinos : LHP Nicholas Sullivan
Batting: RHB Dave Watson 0-0: Called Strike
0-1: Ball
1-1: Fly out, F8 (Flyball, 78S, EV 91.2 MPH)
Batting: LHB Chin-seok Chong 0-0: Called Strike
0-1: Fly out, F8 (Flyball, 89M, EV 95.6 MPH)
Batting: LHB Don Barnes 0-0: Ball
1-0: Called Strike
1-1: Called Strike
1-2: SINGLE (Groundball, 34D, EV 94.4 MPH)
Pitching: LHP Juan Barrón
Batting: RHB Lloyd Griffin 0-0: Ball
1-0: Ball
2-0: Swinging Strike
2-1: Foul Ball, location: 2F
2-2: Foul Ball, location: 2F
2-2: SINGLE (Groundball, 34D, EV 103.1 MPH)
Don Barnes to second
Runner from 2nd tries for 3rd, SAFE, no throw by RF
Batting: RHB Ricardo Garza 0-0: Foul Ball, location: 2F
0-1: Ground out 1-3 (Groundball, 13S, EV 66.9 MPH)
Bottom of the 6th over - 0 runs, 2 hits, 0 errors, 2 left on base; Redwood 0 - Fort Knox 2
TOP OF THE 7TH
Redwood Rhinos batting - Pitching for Fort Knox Centennial : RHP Miguel López
Batting: RHB José Medina 0-0: Foul Ball, location: 2F
0-1: Ball
1-1: Ball
2-1: Ground out 6-3 (Groundball, 56, EV 85.6 MPH)
Batting: RHB Joseph Moore 0-0: Swinging Strike
0-1: Ball
1-1: Called Strike
1-2: Ground out 6-3 (Groundball, 6, EV 85.0 MPH)
Batting: RHB Roy MacDonald 0-0: Ground out 5-3 (Groundball, 5L, EV 83.8 MPH)
Top of the 7th over - 0 runs, 0 hits, 0 errors, 0 left on base; Redwood 0 - Fort Knox 2
BOTTOM OF THE 7TH
Fort Knox Centennial batting - Pitching for Redwood Rhinos : LHP Juan Barrón
Batting: RHB Reynaldo Parriego 0-0: Ball
1-0: Ground out U3 (Groundball, 3L, EV 90.0 MPH)
Batting: RHB Curt McDaniel 0-0: Foul Ball, location: 2F
0-1: Foul Ball, location: 2F
0-2: Ground out 5-3 (Groundball, 5, EV 103.1 MPH)
Batting: RHB Jon Lake 0-0: Called Strike
0-1: Ball
1-1: Ball
2-1: Fly out, F4 (Popup, 34, EV 63.8 MPH)
Bottom of the 7th over - 0 runs, 0 hits, 0 errors, 0 left on base; Redwood 0 - Fort Knox 2
TOP OF THE 8TH
Redwood Rhinos batting - Pitching for Fort Knox Centennial : RHP Miguel López
Now at 3B: Trent Conner
Batting: RHB Derek Leyva 0-0: Ground out 1-3 (Groundball, 34S, EV 83.8 MPH)
Pitching: RHP Ed Cameron
Batting: SHB Ralph Ludwig 0-0: Swinging Strike
0-1: Called Strike
0-2: Ball
1-2: Strikes out swinging
Batting: LHB Stan Daniels 0-0: Ball
1-0: Called Strike
1-1: Called Strike
1-2: Ball
2-2: Ball
3-2: Reached on error, E6 (Groundball, 6, EV 76.2 MPH)
Batting: RHB Scott Fletcher 0-0: Foul Ball, location: 2F
0-1: Foul Ball, location: 2F
0-2: Ball
1-2: Foul Ball, location: 2F
1-2: Ground out 6-3 (Groundball, 6, EV 99.4 MPH)
Top of the 8th over - 0 runs, 0 hits, 1 error, 1 left on base; Redwood 0 - Fort Knox 2
BOTTOM OF THE 8TH
Fort Knox Centennial batting - Pitching for Redwood Rhinos : LHP Juan Barrón
Batting: RHB Ángel Torrez 0-0: Ball
1-0: Fly out, F9 (Flyball, 9LM, EV 93.8 MPH)
Batting: RHB Dave Watson 0-0: Called Strike
0-1: SINGLE (Line Drive, 8RS, EV 98.8 MPH)
Batting: LHB Chin-seok Chong 0-0: Ball
1-0: DOUBLE (Line Drive, 8LXD, EV 102.5 MPH)
Dave Watson to third
Batting: LHB Don Barnes 0-0: Ball
1-0: Fly out, F8 (Flyball, 8LXD, EV 104.4 MPH)
Runner from 3rd tags up, SCORES, no throw by CF
Batting: RHB Lloyd Griffin 0-0: Foul Ball, location: 2F
0-1: Swinging Strike
0-2: Strikes out swinging
Bottom of the 8th over - 1 run, 2 hits, 0 errors, 1 left on base; Redwood 0 - Fort Knox 3
TOP OF THE 9TH
Redwood Rhinos batting - Pitching for Fort Knox Centennial : RHP Ed Cameron
Batting: LHB Forrest Reed 0-0: Ball
1-0: Foul Ball, location: 2F
1-1: Foul Ball, location: 2F
1-2: Strikes out swinging
Batting: RHB Guonçalle Sprengel 0-0: Ball
1-0: Called Strike
1-1: Swinging Strike
1-2: Foul Ball, location: 2F
1-2: Strikes out swinging
Batting: RHB José Medina 0-0: Swinging Strike
0-1: Ball
1-1: Ball
2-1: Foul Ball, location: 2F
2-2: Strikes out looking
Top of the 9th over - 0 runs, 0 hits, 0 errors, 0 left on base; Redwood 0 - Fort Knox 3
Friday, March 26th, 2021 - OOTP Baseball 20.8 Build 74